 Dungeon Crawl Stone Soup version 0.26-a0-737-g4e9f4955e2 (webtiles) character file.

Game seed: 10813715745184640755

1640 jiml777 the Thaumaturge (level 8, -1/41 HPs)
             Began as a Deep Elf Air Elementalist on Nov 5, 2020.
             Slain by a worker ant (3 damage)
             ... on level 5 of the Dungeon.
             The game lasted 00:40:50 (5753 turns).

jiml777 the Thaumaturge (Deep Elf Air Elementalist) Turns: 5753, Time: 00:40:51

Health: -1/41      AC:  5    Str:  5    XL:     8   Next: 66%
Magic:  0/32       EV: 13    Int: 23    God:
Gold:   287        SH:  5    Dex: 15    Spells: 15/25 levels left

rFire    . . .     SeeInvis .   k - +0 short sword
rCold    . . .     Faith    .   (no shield)
rNeg     . . .     Spirit   .   e - +0 robe
rPois    .         Reflect  +   (no helmet)
rElec    .         Harm     .   (no cloak)
rCorr    .         Rampage  .   g - +2 pair of gloves
MR       .....                  (no boots)
Stlth    ++........             i - amulet of reflection
HPRegen  0.13/turn              h - ring of magical power
MPRegen  0.23/turn              a - ring of wizardry

@: no status effects
A: no striking features
a: no special abilities


You were on level 5 of the Dungeon.
You visited 1 branch of the dungeon, and saw 5 of its levels.

You collected 287 gold pieces.

Inventory:

Hand Weapons
 k - a +0 short sword (weapon)
Missiles
 j - 33 sling bullets
 v - 56 arrows
 w - 16 poisoned darts (quivered)
Armour
 e - a +0 robe (worn)
 g - a +2 pair of gloves (worn)
Jewellery
 a - a ring of wizardry (right hand)
 f - an uncursed ring of stealth
 h - a ring of magical power (left hand)
 i - an amulet of reflection (around neck)
 n - an uncursed amulet of the acrobat
Wands
 c - a wand of flame (21)
Scrolls
 b - 2 scrolls of teleportation
 m - 4 scrolls of remove curse
 p - 2 scrolls of magic mapping
Potions
 d - a potion of flight {unknown}
 l - a potion of degeneration {unknown}
 o - 2 potions of heal wounds {unknown}
 q - a potion of stabbing {unknown}
 r - a potion of brilliance {unknown}
 s - 2 potions of haste {unknown}
 u - 3 potions of curing


   Skills:
 + Level 0.1 Fighting
 - Level 2.7 Dodging
 - Level 3.2 Stealth
 + Level 9.4 Spellcasting
 + Level 4.5 Conjurations
 + Level 6.7 Air Magic
 * Level 4.2 Evocations


You had 15 spell levels left.
You knew the following spells:

 Your Spells              Type           Power        Failure   Level
a - Shock                 Conj/Air       ####         1%          1
b - Swiftness             Air            #####...     1%          2
c - Static Discharge      Conj/Air       #####...     1%          3
d - Airstrike             Air            #####.....   1%          4

Your spell library contained the following spells:

 Spells                   Type           Power        Failure   Level
 Lightning Bolt           Conj/Air       #####.....   6%          5


Dungeon Overview and Level Annotations

Branches:
Dungeon (5/15)
 Temple: D:4-7

Altars:
Elyvilon

Annotations:
D:5 Duvessa, Prince Ribbit


Message History

Press: ? - help, Dir - move target cursor, f/p - Duvessa
Aim: Duvessa, wielding a +0 short sword and wearing a +3 leather armour of magic resistance (severely wounded, berserk)
The air twists around and strikes Duvessa!
Duvessa is almost dead.
Duvessa hits you with a cursed +0 short sword!
The bullfrog skeleton hits you. The worker ant closely misses you.
Duvessa closely misses you.
Casting: Airstrike (dangerous; 1% risk of failure)
Confirm with . or Enter, or press ? or * to list all spells.
Aiming: Shock (safe; 1% risk of failure)
Press: ? - help, Shift-Dir - straight line, f/p - Duvessa
Aim: Duvessa, wielding a +0 short sword and wearing a +3 leather armour of magic resistance (almost dead, berserk)
The zap hits Duvessa.
Duvessa is almost dead.
The bullfrog skeleton hits you.
* * * LOW HITPOINT WARNING * * *
Duvessa hits you with a cursed +0 short sword!
* * * LOW HITPOINT WARNING * * *
The worker ant bites you.
You die...

#
#####################
#...@...............#
#..ZeB..............#
#..)................#
##.##.####...##.....#
#. #+# ##...##.....#
.. #...........# ..
#...........# #..
+....########
#....#.......


You could see Duvessa (berserk), a worker ant and a bullfrog skeleton.

Vanquished Creatures
  A two-headed ogre (D:5)
  Grinder (D:5)
  A sky beast (D:5)
  2 centaurs (D:5)
  2 scorpions
  Dowan (D:5)
  A hound (D:5)
  2 orc priests
  4 orc wizards
  An iguana (D:5)
  4 adders
  An ufetubus (D:5)
  An ooze (D:3)
  An adder zombie (D:5)
  An adder skeleton (D:4)
  3 worms
  3 dart slugs
  22 orcs
  A ball python (D:2)
  9 giant cockroaches
  5 goblins
  8 hobgoblins
  3 jackals (D:5)
  8 kobolds
  5 quokkas
  2 bats
  11 frilled lizards
  A giant cockroach zombie (D:5)
  5 rats
110 creatures vanquished.

Vanquished Creatures (others)
  A plant (D:5)
1 creature vanquished.

Grand Total: 111 creatures vanquished

Notes
Turn   | Place    | Note
-------+----------+-------------------------------------------
     0 | D:1      | jiml777 the Deep Elf Air Elementalist began the quest for
                  | the Orb.
     0 | D:1      | Reached XP level 1. HP: 10/10 MP: 6/6
   574 | D:1      | Reached XP level 2. HP: 15/15 MP: 8/8
  1193 | D:1      | Learned a level 2 spell: Swiftness
  1438 | D:2      | Reached skill level 4 in Spellcasting
  1493 | D:2      | Reached XP level 3. HP: 19/19 MP: 10/10
  1526 | D:2      | Found a white marble altar of Elyvilon.
  1612 | D:2      | Noticed a scorpion
  1624 | D:2      | Killed a scorpion
  1624 | D:2      | Reached XP level 4. HP: 24/24 MP: 11/12
  2314 | D:2      | Reached XP level 5. HP: 28/28 MP: 14/14
  2320 | D:2      | Learned a level 3 spell: Static Discharge
  2325 | D:2      | Learned a level 4 spell: Airstrike
  2578 | D:3      | Reached skill level 5 in Spellcasting
  3396 | D:4      | Reached XP level 6. HP: 18/32 MP: 14/16
  4150 | D:5      | Entered Level 5 of the Dungeon
  4183 | D:5      | Reached skill level 6 in Spellcasting
  4183 | D:5      | Reached skill level 1 in Evocations
  4332 | D:5      | Noticed Prince Ribbit
  4695 | D:5      | Reached XP level 7. HP: 23/36 MP: 10/18
  5065 | D:5      | Reached skill level 5 in Air Magic
  5253 | D:5      | Noticed a two-headed ogre
  5256 | D:5      | Noticed Grinder
  5257 | D:5      | Killed a two-headed ogre
  5257 | D:5      | Reached skill level 8 in Spellcasting
  5257 | D:5      | Reached XP level 8. HP: 41/41 MP: 12/22
  5410 | D:5      | Paralysed by Grinder for 7 turns
  5419 | D:5      | Killed Grinder
  5419 | D:5      | Reached skill level 9 in Spellcasting
  5742 | D:5      | Noticed Dowan
  5743 | D:5      | Noticed Duvessa
  5746 | D:5      | Killed Dowan
  5753 | D:5      | HP: 2/41 [Duvessa/cursed +0 short sword (10)]
  5753 | D:5      | Slain by a worker ant

Illustrated notes

Levels and vault maps discovered:
D:1:      minmay_arrival_four_circles, layout_basic, moated_statue
D:2:      layout_loops_corners, old_standard_altar
D:3:      layout_rooms
D:4:      layout_cave_pods
D:5:      layout_gridville, gammafunk_temple_overflow_claw,
          gammafunk_temple_overflow_forgotten, glass_columns_c, uniq_duvessa,
          uniq_prince_ribbit1, uniq_grinder, uniq_pikel

Skill      XL: |  1  2  3  4  5  6  7  8 |
---------------+-------------------------+-----
Spellcasting   | 4 5 6 8 9 |  9.4
Stealth        | 3 |  3.2
Conjurations   | 2 3 4 |  4.5
Air Magic      | 4 6 |  6.7
Evocations     | 1 3 4 |  4.2
Fighting       | |  0.1
Dodging        | |  2.7

Action                   |  1- 3 |  4- 6 |  7- 9 || total
-------------------------+-------+-------+-------++-------
 Cast: Shock             |    60 |   136 |    13 ||   209
       Airstrike         |       |     1 |    32 ||    33
       Swiftness         |       |     1 |       ||     1
  Use: Scroll            |       |     9 |     1 ||    10
       Potion            |       |     1 |       ||     1
Armor: Robe              |     1 |     2 |     3 ||     6
Dodge: Dodged            |     4 |    12 |    10 ||    26
Block: Other             |       |     5 |     3 ||     8
       Reflection        |       |     3 |       ||     3

Table legend: (Time is in decaauts)
 A = Elapsed time spent in this place.
 B = Non-inter-level travel time spent in this place.
 C = Inter-level travel time spent in this place.
 D = Time resting spent in this place.
 E = Time spent auto-exploring this place.
 F = Levels seen in this place.
 G = Mean time per level.
                   A        B        C        D        E       F      G
               +--------+--------+--------+--------+--------+-----+--------+
         Total |   5752 |   5617 |    135 |   2004 |   1830 |   5 | 1150.4 |
       Dungeon |   5752 |   5617 |    135 |   2004 |   1830 |   5 | 1150.4 |
               +--------+--------+--------+--------+--------+-----+--------+

Top non-repeatable levels by time:
     D:4: 1448 daAuts
     D:1: 1288 daAuts
     D:2: 1256 daAuts
     D:5: 1105 daAuts
     D:3: 653 daAuts
